[Event "50th-ITA-ch-Teams-2018"]
[Site "Gallipoli"]
[Date "2018.04.28"]
[Round "2"]
[White "Garcia Palermo, Carlos"]
[Black "Borgo, Giulio"]
[Result "1-0"]
[ECO "A04"]
[WhiteElo "2404"]
[BlackElo "2397"]
[Annotator "RC"]
[PlyCount "47"]
[EventDate "2018.??.??"]
[EventType "team-tourn"]
[EventCountry "ITA"]
[SourceTitle "playchess.com"]
[Source "ChessBase"]
[SourceQuality "1"]
[TimeControl "40/5400+30:900+30"]

1. Nf3 c5 2. b3 b6 3. g3 Bb7 4. Bg2 e5 5. d3 g6 6. Bb2 Bg7 7. h4 Ne7 8. h5 O-O 9. e4 Nbc6 10. Nbd2 d5 11. hxg6 hxg6 12. Ng5 Bc8 13. Nh7 Re8 14. Qf3 f5 15. O-O-O Nd4 16. Bxd4 cxd4 17. exf5 gxf5 18. Ng5 Rf8 19. Rh7 f4 20. Qh5 Bf5 21. Rh1 Ng6 22. g4 f3 23. gxf5 Rxf5 24. Qxg6 1-0

[Event "50th-ITA-ch-Teams-2018"]
[Site "Gallipoli"]
[Date "2018.04.28"]
[Round "2"]
[White "Collutiis, Duilio"]
[Black "Forato, Enrico"]
[Result "1-0"]
[ECO "A14"]
[WhiteElo "2387"]
[BlackElo "2145"]
[Annotator "NA RC"]
[PlyCount "101"]
[EventDate "2018.??.??"]
[EventType "team-tourn"]
[EventCountry "ITA"]
[SourceTitle "playchess.com"]
[Source "ChessBase"]
[SourceQuality "1"]
[TimeControl "40/5400+30:900+30"]

1. c4 e6 2. g3 Nf6 3. Nf3 d5 4. b3 b6 5. Bg2 Be7 6. O-O O-O 7. Bb2 Bb7 8. e3 c5 9. Nc3 Nc6 10. cxd5 Nxd5 11. Nxd5 Qxd5 12. d4 Nb4 {[%emt 0:12:58] LiveBook: 10 Games A14: English Opening: 1...e6 with b3 by White} (12... Qf5 13. Ne5 Nxe5 14. Bxb7 Rad8 15. Qe2 Qd3 16. Rae1 Qxe2 17. Rxe2 Nd3 18. Ba1 cxd4 19. Bxd4 Bf6 20. Bxf6 gxf6 {1-0 (99) So,W (2788)-Dominguez Perez,L (2739) Saint Louis 2017}) 13. a3 Na6 14. e4 Qd6 $146 ({Predecessor:} 14... Qh5 15. Re1 Rfd8 16. d5 Nc7 17. Nd2 Qg6 18. Be5 Rac8 19. Bxc7 Rxc7 20. Nc4 {½-½ (57) Raijmaekers,R (2480)-Aykent,S (2135) ICCF email 2011}) 15. Qe2 Rac8 16. Rfd1 Rfd8 17. d5 exd5 18. exd5 Bf6 19. Ne5 Re8 20. f4 Nc7 21. Qd2 (21. Rd2 $16) 21... Nb5 22. Re1 Rcd8 23. Nc4 Qd7 24. Bxf6 gxf6 25. Ne3 Nd4 26. Rab1 Ba8 27. b4 Qa4 $2 {[%emt 0:00:12] [#]} (27... h6 $14) 28. bxc5 $2 (28. Ng4 $1 $18) 28... bxc5 29. Qc3 Rc8 30. Kf2 Qd7 31. Qd3 Rb8 32. Qa6 Kg7 33. Qc4 Qc7 34. Red1 Qa5 35. Qd3 Qa4 36. Rdc1 Rxb1 37. Rxb1 Qa5 38. Rc1 Rb8 39. Nc4 Qa4 40. Qd1 Qd7 41. Qh5 Re8 42. Ne3 Qa4 $2 (42... Qb7 $11 {and Black has nothing to worry.} 43. Re1 Qb2+ 44. Kg1 Kg8) 43. Ng4 Re2+ $2 (43... Nf5 44. Qxf5 Qd4+ 45. Kf1 Bb7) 44. Kf1 Kf8 45. Qh6+ Ke8 46. Nxf6+ Ke7 {[%emt 0:00:21] [#]} 47. d6+ $18 Kxd6 48. Ne4+ Kc7 49. Qd6+ Kc8 50. Bh3+ f5 51. Bxf5+ 1-0

[Event "50th-ITA-ch-Teams-2018"]
[Site "Gallipoli"]
[Date "2018.04.28"]
[Round "2"]
[White "Zamengo, Fulvio"]
[Black "Signorelli, Gaetano"]
[Result "1-0"]
[ECO "B32"]
[WhiteElo "2324"]
[BlackElo "2222"]
[Annotator "NA RC"]
[PlyCount "71"]
[EventDate "2018.??.??"]
[EventType "team-tourn"]
[EventCountry "ITA"]
[SourceTitle "playchess.com"]
[Source "ChessBase"]
[SourceQuality "1"]
[TimeControl "40/5400+30:900+30"]

1. e4 c5 2. Nf3 Nc6 3. d4 cxd4 4. Nxd4 e5 5. Nb5 d6 6. N1c3 a6 7. Na3 Be7 8. Nc4 b5 {[%emt 0:00:52] B32: Sicilian: Löwenthal and Kalashnikov Variations} 9. Ne3 Nf6 10. Bd3 (10. g3 O-O 11. Bg2 b4 12. Ncd5 Nxd5 13. Nxd5 Bg5 14. Bxg5 Qxg5 15. O-O Be6 16. Nc7 {½-½ (34) Morozevich,A (2711)-Moiseenko,A (2692) Berlin 2015}) 10... O-O 11. O-O Rb8 12. a4 {[%emt 0:09:16] LiveBook: 7 Games} Nb4 13. Be2 Be6 14. Ncd5 Nbxd5 15. exd5 Bd7 16. c4 {[%emt 0:05:08] [#]} bxa4 $146 {[%emt 0:18:16] [#]} 17. Bd3 (17. c5 $1 $14 ) 17... Rb4 18. Bc2 Qb8 19. Bxa4 Qb7 20. Bc2 Rc8 (20... Qc8 $14) 21. b3 g6 22. Bd2 Rb6 23. Ba5 Nh5 24. g3 Bh3 25. Re1 f5 26. Bxb6 Qxb6 27. Bxf5 Bxf5 28. Nxf5 Bf6 29. Qg4 Rf8 30. Ne3 Ng7 31. Kg2 Kh8 32. Ra3 a5 33. Rea1 e4 34. R1a2 $18 Bd4 35. Qxe4 Re8 36. Qf3 1-0

[Event "50th-ITA-ch-Teams-2018"]
[Site "Gallipoli"]
[Date "2018.04.28"]
[Round "2"]
[White "Corvi, Marco"]
[Black "Pitzanti, Matteo"]
[Result "0-1"]
[ECO "C68"]
[WhiteElo "2307"]
[BlackElo "2213"]
[Annotator "NA RC"]
[PlyCount "57"]
[EventDate "2018.??.??"]
[EventType "team-tourn"]
[EventCountry "ITA"]
[SourceTitle "playchess.com"]
[Source "ChessBase"]
[SourceQuality "1"]
[TimeControl "40/5400+30:900+30"]

1. e4 e5 2. Nf3 Nc6 3. Bb5 a6 4. Bxc6 dxc6 5. O-O Bg4 6. h3 h5 7. d3 ({Much weaker is} 7. hxg4 hxg4 8. g3 gxf3 $17) 7... Qf6 8. Nbd2 Ne7 9. Re1 Ng6 10. d4 {[%emt 0:20:31] Nf} Nf4 {[%emt 0:13:40] LiveBook: 113 Games} 11. hxg4 hxg4 12. Nf1 {[%emt 0:09:31] C68: Ruy Lopez: Exchange Variation, sidelines} (12. g3 $1 $11 {keeps the balance.} gxf3 13. Qxf3 Ne6 14. dxe5 Qxe5 15. Nb3 Bd6 16. Kg2 O-O-O 17. Bd2 Kb8 18. Bc3 Qg5 19. e5 Be7 {0-1 (70) Guseinov,G (2631)-Sargissian,G (2671) Khanty-Mansiysk 2013}) 12... gxf3 13. Bxf4 Qxf4 ({But not} 13... exf4 14. Qxf3 Be7 15. c3 $17) 14. Qxf3 Qxf3 15. gxf3 exd4 16. Kg2 $146 ({Predecessor:} 16. f4 Rh4 17. f5 Bb4 18. Re2 f6 19. Kg2 O-O-O {0-1 (34) Malisauskas,V (2489)-Grover,S (2242) Reykjavik 2008}) 16... O-O-O 17. f4 Rh4 18. Kf3 g6 19. Ng3 Bh6 20. f5 d3 21. cxd3 Rxd3+ 22. Kg2 Bf4 23. Rad1 Rxd1 24. Rxd1 Bxg3 25. Kxg3 Rxe4 26. fxg6 fxg6 27. Rd2 c5 28. f4 Rd4 29. Kg4 (29. Rg2 $19) 0-1

[Event "50th-ITA-ch-Teams-2018"]
[Site "Gallipoli"]
[Date "2018.04.28"]
[Round "2"]
[White "Stromboli, Carlo"]
[Black "Gigovski, Gjoko"]
[Result "0-1"]
[ECO "B18"]
[WhiteElo "2306"]
[BlackElo "2102"]
[Annotator "NA RC"]
[PlyCount "122"]
[EventDate "2018.??.??"]
[EventType "team-tourn"]
[EventCountry "ITA"]
[SourceTitle "playchess.com"]
[Source "ChessBase"]
[SourceQuality "1"]
[TimeControl "40/5400+30:900+30"]

1. e4 c6 2. d4 d5 3. Nc3 dxe4 4. Nxe4 Bf5 5. Ng3 Bg6 6. N1e2 Nd7 {[%emt 0:00:07] LiveBook: 24 Games} 7. h4 {[%emt 0:03:37] B18: Classical Caro-Kann: 4...Bf5 sidelines} Ngf6 (7... h6 8. Nf4 Bh7 9. Bc4 e5 10. Qe2 Bd6 11. Ngh5 Kf8 12. dxe5 Nxe5 13. Be3 Qa5+ 14. Bd2 Qc5 {1-0 (61) Asis Gargatagli,H (2499)-Anton Guijarro,D (2628) Barcelona 2016}) 8. h5 Be4 9. Nc3 $146 ({Predecessor:} 9. Nxe4 Nxe4 10. Qd3 Ndf6 11. f3 Nd6 12. Bd2 e6 13. O-O-O Qc7 14. Kb1 O-O-O {1-0 (31) Llaneza Vega,M (2293)-Rodriguez Cuende,M (1929) Oviedo 2005}) 9... Bd5 10. Nxd5 cxd5 11. Bd3 Qc7 12. Qe2 e6 13. Bd2 Be7 14. O-O-O O-O-O (14... h6 $11 {remains equal.}) 15. Kb1 Nb6 16. Qf3 h6 17. Rhe1 Bd6 18. Ne2 Nc4 19. Bf4 Bxf4 20. Nxf4 Rd6 21. Qg3 Rg8 22. Bxc4 dxc4 23. c3 Ra6 24. Re5 Nd7 25. Rb5 Qc6 26. Rb4 Ra5 27. Qe3 Rf5 28. d5 exd5 29. g4 Rxf4 30. Qxf4 a5 31. Qxf7 Rf8 32. Qxd5 Qxd5 33. Rxd5 axb4 34. cxb4 Rxf2 35. g5 Kc7 36. gxh6 gxh6 37. a4 Kc6 38. Ra5 b6 39. Ra8 Rf5 40. Rc8+ Kd5 41. Rc7 Ne5 42. a5 bxa5 43. bxa5 Nc6 44. Rh7 Rxh5 45. Rb7 Kc5 46. Kc2 Nxa5 47. Rb8 Rh2+ 48. Kc3 Rh3+ 49. Kc2 h5 50. Kb1 h4 51. Rc8+ Nc6 52. Kc2 Rg3 53. Kd2 h3 54. Rh8 Rb3 55. Kc1 Rd3 56. Rh7 Rg3 57. Kd2 Nb4 58. Rc7+ Kd4 59. Rh7 Rg2+ 60. Kd1 h2 61. Rxh2 Rxh2 0-1

[Event "50th-ITA-ch-Teams-2018"]
[Site "Gallipoli"]
[Date "2018.04.28"]
[Round "2"]
[White "Gregori, Giacomo"]
[Black "Piscopo, Pierluigi"]
[Result "1/2-1/2"]
[ECO "A28"]
[WhiteElo "2282"]
[BlackElo "2406"]
[Annotator "RC"]
[PlyCount "60"]
[EventDate "2018.??.??"]
[EventType "team-tourn"]
[EventCountry "ITA"]
[SourceTitle "playchess.com"]
[Source "ChessBase"]
[SourceQuality "1"]
[TimeControl "40/5400+30:900+30"]

1. c4 e5 2. Nc3 Nc6 3. Nf3 Nf6 4. e3 Bb4 5. Nd5 Be7 6. Qc2 h6 7. a3 O-O 8. Bd3 Re8 9. b4 b5 10. cxb5 Nxd5 11. bxc6 dxc6 12. Bb2 Bf6 13. Bh7+ Kh8 14. Be4 Bb7 15. O-O a5 16. bxa5 Rxa5 17. Rfb1 Qa8 18. Bxd5 Rxd5 19. Bc3 Ba6 20. Ne1 Qc8 21. Qa4 Bb5 22. Qe4 Qe6 23. a4 Ba6 24. Rb2 Rdd8 25. Rab1 Ra8 26. a5 Red8 27. Rc1 Rd5 28. Rcb1 Rdd8 29. Rc1 Rd5 30. Rcb1 Rdd8 1/2-1/2

[Event "50th-ITA-ch-Teams-2018"]
[Site "Gallipoli"]
[Date "2018.04.28"]
[Round "2"]
[White "Carbone, Stefano"]
[Black "Loiacono, Leonardo"]
[Result "1/2-1/2"]
[ECO "D02"]
[WhiteElo "2101"]
[BlackElo "2266"]
[Annotator "NA RC"]
[PlyCount "89"]
[EventDate "2018.??.??"]
[EventType "team-tourn"]
[EventCountry "ITA"]
[SourceTitle "playchess.com"]
[Source "ChessBase"]
[SourceQuality "1"]
[TimeControl "40/5400+30:900+30"]

1. Nf3 Nf6 2. g3 d5 3. Bg2 c5 4. O-O Nc6 5. d4 Bf5 6. c4 dxc4 {[%emt 0:05:04] D02: 1 d4 d5 2 Nf3 sidelines, including 2...Nf6 3 g3 and 2...Nf6 3 Bf4} 7. Qa4 {[%emt 0:00:52] LiveBook: 7 Games} (7. Ne5 Nxd4 8. Bxb7 Rb8 9. Bc6+ Nxc6 10. Nxc6 Qxd1 11. Rxd1 Rc8 12. Nxa7 Rc7 13. Nb5 Rd7 14. N1c3 Rxd1+ 15. Nxd1 {1-0 (73) Martin Sanchez,C (2427)-Timko,V (2416) ICCF email 2013}) 7... cxd4 {[%emt 0:10:09] [#]} 8. Nxd4 $1 Qxd4 9. Bxc6+ Bd7 10. Bxd7+ (10. Rd1 $16 Bxc6 {[#]} 11. Qxc6+ $1 bxc6 12. Rxd4) 10... Qxd7 11. Qxc4 e6 $146 ({Predecessor:} 11... Rc8 12. Qb3 g6 13. Rd1 Qc6 14. Be3 {1-0 (27) Tiemann,T (2040)-Cubek,C (2024) Baden 2016}) 12. Nc3 Rc8 13. Qb3 h5 (13... Bc5 $1 $11) 14. Rd1 Qc6 15. Bg5 Bc5 {[%emt 0:03:19] [#]} 16. Bxf6 (16. Rac1 $1 $16) 16... gxf6 17. Qb5 h4 18. Qxc6+ Rxc6 19. Ne4 hxg3 20. hxg3 Ke7 21. Nxc5 Rxc5 22. Rac1 Rhc8 23. Rxc5 Rxc5 24. Rd2 f5 25. f4 f6 26. Kf2 e5 27. Kf3 Ke6 28. Kf2 a5 29. Kf3 Rc4 30. Ke3 b5 31. Kf3 Rc1 32. Kf2 b4 33. b3 e4 34. e3 Ra1 35. Kg2 Kf7 36. g4 fxg4 37. f5 Kg7 38. Kg3 Rg1+ 39. Kf4 g3 40. Kxe4 Kh6 41. Kf4 g2 42. Kg4 $11 Kh7 43. e4 Re1 44. Rxg2 Rxe4+ 45. Kf3 1/2-1/2

[Event "50th-ITA-ch-Teams-2018"]
[Site "Gallipoli"]
[Date "2018.04.28"]
[Round "3"]
[White "Colmenares, Aurelio"]
[Black "Lanzani, Mario"]
[Result "1/2-1/2"]
[ECO "D14"]
[WhiteElo "2385"]
[BlackElo "2281"]
[Annotator "NA"]
[PlyCount "44"]
[EventDate "2018.??.??"]
[EventType "team-tourn"]
[EventCountry "ITA"]
[SourceTitle "playchess.com"]
[Source "ChessBase"]
[SourceQuality "1"]
[TimeControl "40/5400+30:900+30"]

1. d4 d5 2. Nf3 c5 3. c3 cxd4 4. cxd4 Nc6 5. Nc3 Nf6 6. Bf4 Bf5 7. e3 e6 8. Ne5 Nd7 9. g4 Bg6 10. Nxg6 hxg6 11. Bd3 a6 12. g5 Nb6 13. Qg4 Bd6 14. a3 Bxf4 15. Qxf4 Qb8 16. Ne2 Qxf4 17. Nxf4 Rh4 18. Rc1 Kd7 19. Ng2 Rh3 20. Nf4 Rh4 21. Ng2 Rh3 22. Nf4 Rh4 1/2-1/2

[Event "50th-ITA-ch-Teams-2018"]
[Site "Gallipoli"]
[Date "2018.04.28"]
[Round "3"]
[White "Distaso, Antonio"]
[Black "Di Benedetto, Edoardo"]
[Result "1/2-1/2"]
[ECO "A14"]
[WhiteElo "2134"]
[BlackElo "2280"]
[Annotator "NA"]
[PlyCount "67"]
[EventDate "2018.??.??"]
[EventType "team-tourn"]
[EventCountry "ITA"]
[SourceTitle "playchess.com"]
[Source "ChessBase"]
[SourceQuality "1"]
[TimeControl "40/5400+30:900+30"]

1. c4 e6 2. Nf3 d5 3. b3 Nf6 4. Bb2 Be7 5. g3 O-O 6. Bg2 c5 7. O-O Nc6 8. cxd5 Nxd5 9. Nc3 Bf6 10. Qc1 Nxc3 11. dxc3 Qc7 {[%emt 0:00:26] A14: English Opening: 1...e6 with b3 by White} 12. Rd1 (12. Nd2 Bd7 13. Ne4 Be7 14. Qe3 c4 15. Nc5 Rfd8 16. Nxd7 Qxd7 17. Rab1 Rac8 18. Qe4 cxb3 19. axb3 {½-½ (27) Dizdarevic,E (2539)-Kuljasevic,D (2554) Durres 2014}) 12... b6 13. c4 Bxb2 14. Qxb2 Bb7 15. Rd2 Rad8 16. Rad1 Rxd2 17. Rxd2 Rd8 18. Rxd8+ Qxd8 19. Qd2 h6 $146 ({Predecessor:} 19... Qxd2 20. Nxd2 {½-½ (33) Pikler,R-Havasi,K Budapest 1931}) 20. Qxd8+ Nxd8 21. Ne5 Bxg2 22. Kxg2 f6 23. Nd3 Nc6 24. e3 Kf7 25. Kf3 g6 26. Ke2 e5 27. f3 h5 28. Kd2 f5 29. Nf2 Kf6 30. Nd1 e4 31. f4 Nb4 32. Nc3 Ke6 33. a3 Nc6 34. Nd5 $11 1/2-1/2

[Event "50th-ITA-ch-Teams-2018"]
[Site "Gallipoli"]
[Date "2018.05.01"]
[Round "7"]
[White "Lapiccirella, Daniele"]
[Black "Pitzanti, Matteo"]
[Result "1/2-1/2"]
[ECO "D27"]
[WhiteElo "2213"]
[BlackElo "2213"]
[Annotator "NA"]
[PlyCount "51"]
[EventDate "2018.??.??"]
[EventType "team-tourn"]
[EventCountry "ITA"]
[SourceTitle "playchess.com"]
[Source "ChessBase"]
[SourceQuality "1"]
[TimeControl "40/5400+30:900+30"]

1. d4 d5 2. c4 dxc4 3. Nf3 Nf6 4. e3 e6 5. Bxc4 a6 6. O-O c5 7. b3 b5 8. Be2 Bb7 9. Bb2 Nbd7 10. a4 b4 11. Nbd2 Be7 12. Nc4 O-O {[%emt 0:00:59] LiveBook: 51 Games} 13. Rc1 Qb8 {[%emt 0:08:04] D27: Queen's Gambit Accepted: Classical main line: 7 e4!? and 7 a4} (13... Bd5 14. Nfe5 cxd4 15. Nxd7 Nxd7 16. Bxd4 Rc8 17. Qd2 Nc5 18. Qb2 Bf6 19. Bxf6 Qxf6 20. Qxf6 gxf6 21. Nb6 {0-1 (50) Gelfand,B (2741)-Karjakin,S (2760) Moscow 2010}) 14. dxc5 $146 ({Predecessor:} 14. Nfe5 Rd8 15. Bh5 Nxe5 16. Nxe5 g6 17. Bf3 Nd5 18. Bxd5 Rxd5 19. e4 Rd8 20. Qf3 f6 21. Ng4 {0-1 (44) Taimanov,M (2470)-Hjartarson,J (2565) Stockholm 1996}) 14... Nxc5 15. Be5 Qa7 16. Qc2 Rac8 17. Rfd1 Nd5 18. Bd4 Nc3 $11 19. Bxc3 Be4 20. Qa2 bxc3 21. Rxc3 Qb8 22. Nce5 Bd6 23. Nc4 Be7 24. Nce5 Bd6 25. Nc4 Be7 26. Nce5 1/2-1/2